 Dungeon Crawl Stone Soup version 0.17.1-3-g152610e (webtiles) character file.

826 Peloso the Shield-Bearer (level 7, -3/61 HPs)
             Began as a Minotaur Fighter on Feb 19, 2016.
             Succumbed to Duvessa's poison
             ... on level 4 of the Dungeon.
             The game lasted 00:07:42 (2295 turns).

Peloso the Shield-Bearer (Minotaur Fighter)         Turns: 2295, Time: 00:07:42

Health: -3/61      AC: 14    Str: 21    XL:     7   Next: 64%
Magic:  6/6        EV:  9    Int:  7    God:
Gold:   206        SH: 10    Dex: 11    Spells: 0 memorised, 6 levels left

rFire  + . .     SeeInvis .     a - +0 long sword
rCold  x . .     Clarity  .     b - +0 scale mail
rNeg   . . .     SustAt   .     c - +0 shield
rPois  .         Gourm    .     (helmet restricted)
rElec  .         Spirit   .     j - +2 cloak
rCorr  .         Warding  .     (no gloves)
rMut   .         Stasis   .     r - +2 pair of boots
MR     .....                    (no amulet)
Stlth  ..........               s - +2 ring of intelligence
                                t - ring of fire

@: lethally poisoned (-3 -> -68), glowing, not resistant to hostile
enchantments, extremely unstealthy
A: retaliatory headbutt, horns 2
a: no special abilities


You were on level 4 of the Dungeon.
You were not hungry.

You visited 1 branch of the dungeon, and saw 4 of its levels.

You collected 206 gold pieces.

Inventory:

Hand Weapons
 a - a +0 long sword (weapon)
 n - a +1 whip of flaming
Armour
 b - a +0 scale mail (worn)
 c - a +0 shield (worn)
 j - a +2 cloak (worn)
 k - a +0 cloak
 r - a +2 pair of boots (worn)
Jewellery
 s - a +2 ring of intelligence (right hand)
 t - a ring of fire (left hand)
Wands
 q - a wand of invisibility (4)
 u - a wand of flame (16)
Scrolls
 g - 3 scrolls of identify
 i - 2 scrolls of fog {unknown}
 l - 2 scrolls of random uselessness {unknown}
 o - a scroll of fear {unknown}
 p - a scroll of enchant weapon {unknown}
 w - a scroll of remove curse
Potions
 d - a potion of might
 h - a potion of haste
Comestibles
 e - 2 bread rations
 f - 2 chunks of flesh
 v - a meat ration


   Skills:
 + Level 5.5 Fighting
 + Level 4.7 Long Blades
 + Level 0.2 Maces & Flails
 + Level 5.9 Armour
 + Level 3.6 Dodging
 + Level 6.6 Shields


You had 6 spell levels left.
You didn't know any spells.

Dungeon Overview and Level Annotations

Branches:
Dungeon (4/15)
 Temple: D:4-7

Altars:
Ashenzari
Dithmenos
Sif Muna
Vehumet
Xom
Zin

Annotations:
D:4 Duvessa


Innate Abilities, Weirdness & Mutations

You reflexively headbutt those who attack you in melee.
You have a pair of horns on your head.


Message History

Your shield prevents you from hitting Duvessa.
Your headbutt misses Duvessa.
Duvessa is severely wounded.
* * * LOW HITPOINT WARNING * * *
You feel extremely sick. You block Duvessa's attack.
Unknown command.
You closely miss Duvessa.
Duvessa is severely wounded.
* * * LOW HITPOINT WARNING * * *
You feel extremely sick. You block Duvessa's attack.
Duvessa closely misses you.
You completely miss Duvessa. Your headbutt misses Duvessa.
Duvessa is severely wounded.
* * * LOW HITPOINT WARNING * * *
You feel extremely sick. You block Duvessa's attack. x2
You hit Duvessa. You headbutt Duvessa!
Duvessa is almost dead.
You die...

....##.....##. ..
###..
...........##[
..+.[.#
#+########.##.
.#...# #......#..
....# #..#...#.#
...+ +..#......
..# #....#...# #e#
#.........
#@###+###.......#.
#)$.........#...#.
##..........#...##
####'########.....
#..........##.#.##
#.......##.##.#.#.
#..........##.#.#.
#..........#......
#..........####.#.


You could see Duvessa (berserk).

Vanquished Creatures
  Pikel (D:4)
  A slave (D:4)
  An ice beast (D:4)
  Dowan (D:4)
  Crazy Yiuf (D:2)
  Terence (D:2)
  An iguana (D:3)
  9 adders
  2 gnolls (D:2)
  2 worms (D:2)
  An orc (D:3)
  2 ball pythons
  A giant cockroach (D:1)
  4 goblins
  11 hobgoblins
  3 jackals (D:1)
  4 bats
  4 giant newts
  10 kobolds
  A quokka (D:3)
  5 rats
66 creatures vanquished.

Notes
Turn   | Place    | Note
--------------------------------------------------------------
     0 | D:1      | Peloso the Minotaur Fighter began the quest for the Orb.
     0 | D:1      | Reached XP level 1. HP: 19/19 MP: 0/0
   319 | D:1      | Reached XP level 2. HP: 27/27 MP: 1/1
   492 | D:1      | Reached skill level 4 in Shields
   750 | D:2      | Reached XP level 3. HP: 33/33 MP: 2/2
   810 | D:2      | Noticed Terence
   831 | D:2      | Killed Terence
   831 | D:2      | Reached XP level 4. HP: 33/41 MP: 3/3
   844 | D:2      | Found a deep blue altar of Sif Muna.
  1025 | D:2      | Noticed Crazy Yiuf
  1030 | D:2      | Killed Crazy Yiuf
  1030 | D:2      | Reached skill level 1 in Dodging
  1030 | D:2      | Reached skill level 5 in Shields
  1150 | D:2      | Found a shattered altar of Ashenzari.
  1161 | D:2      | Reached XP level 5. HP: 42/47 MP: 4/4
  1385 | D:3      | Found a shimmering altar of Xom.
  1386 | D:3      | Noticed an angel
  1386 | D:3      | Found a glowing silver altar of Zin.
  1575 | D:3      | Found a shadowy altar of Dithmenos.
  2018 | D:4      | Noticed an ice beast
  2023 | D:4      | Killed an ice beast
  2023 | D:4      | Reached XP level 6. HP: 55/55 MP: 5/5
  2129 | D:4      | Noticed a slave
  2142 | D:4      | Killed a slave
  2148 | D:4      | Noticed a slave
  2149 | D:4      | Noticed a slave
  2150 | D:4      | Noticed a slave
  2150 | D:4      | Found a radiant altar of Vehumet.
  2151 | D:4      | Noticed Pikel
  2180 | D:4      | Killed Pikel
  2180 | D:4      | Reached skill level 5 in Fighting
  2180 | D:4      | Reached skill level 5 in Armour
  2180 | D:4      | Reached skill level 6 in Shields
  2180 | D:4      | Reached XP level 7. HP: 27/61 MP: 6/6
  2274 | D:4      | Noticed Dowan
  2276 | D:4      | Noticed Duvessa
  2283 | D:4      | Killed Dowan
  2294 | D:4      | HP: 2/61 [poisoned by Duvessa]
  2295 | D:4      | Succumbed to Duvessa's poison

Action                   |  1- 3 |  4- 6 |  7- 9 || total
-------------------------+-------+-------+-------++-------
Melee: Long sword        |    68 |   104 |    21 ||   193
       Whip              |       |     7 |       ||     7
  Use: Scroll            |       |     5 |       ||     5
       Potion            |       |       |     1 ||     1
  Eat: Chunk             |       |     4 |     1 ||     5
